AoeStats
← muyayo

Arena

508993745Analyzed
2v2 RM · 8d ago on Sep 25, 2026· 42m 32s· 4 players
Game mode
Random Map
Map size
Medium (4 player)
Population
200
Speed
Normal
Resources
Standard
Victory
Conquest
Starting age
Dark Age
Ending age
Imperial Age
RankedLock teamsTeams togetherTeam positionsShared explorationLock speedFull tech treeHidden civsTurbo modeCheats
Victory
Defeat
🇹🇼 Mongols · Taiwan
1024
+16
🇦🇷 Hindustanis · Argentina
963
+18
🇦🇷 Spanish · Argentina
1038
-18
🇦🇷 Berbers · Argentina
1000
-48
Gurx
10:50 Feudal Age
15:10 Castle Age
13:29 Horse Collar
14:15 Double-Bit Axe
14:59 Gold Mining
27:56 Imperial Age
26:19 Town Watch
27:52 Scale Barding Armor
28:39 Husbandry
29:12 Conscription
29:22 Chain Barding Armor
29:15 Bloodlines
30:28 Padded Archer Armor
31:00 Fletching
32:25 Leather Archer Armor
32:57 Bodkin Arrow
33:29 Town Watch
33:30 Loom
35:40 Ring Archer Armor
38:48 Inquisition
39:20 Bracer
muyayo
6:50 Loom
13:18 Feudal Age
13:46 Horse Collar
15:20 Wheelbarrow
15:58 Gold Mining
15:56 Double-Bit Axe
19:28 Man-at-Arms
21:23 Scale Mail Armor
21:29 Scale Barding Armor
21:37 Forging
22:22 Man-at-Arms
28:34 Castle Age
GordoBasofia
12:58 Feudal Age
17:24 Castle Age
17:31 Horse Collar
17:36 Double-Bit Axe
19:18 Loom
24:20 Scale Barding Armor
26:20 Bow Saw
28:00 Husbandry
29:42 Bloodlines
29:48 Forging
30:00 Chain Barding Armor
30:53 Wheelbarrow
34:10 Imperial Age
32:24 Hand Cart
32:29 Gold Mining
34:24 Iron Casting
34:14 Heavy Camel Rider
34:50 Fletching
35:09 Padded Archer Armor
35:35 Conscription
34:39 Elite Skirmisher
36:01 Imperial Camel Rider
42:55 Blast Furnace
42:31 Plate Barding Armor
BlueWolf
5:50 Loom
10:23 Feudal Age
13:44 Double-Bit Axe
16:38 Castle Age
14:34 Fletching
15:18 Horse Collar
17:14 Bodkin Arrow
18:14 Bow Saw
23:12 Stone Mining
25:25 Elite Skirmisher
29:11 Ballistics
28:47 Murder Holes
33:50 Imperial Age
32:44 Thumb Ring
33:44 Padded Archer Armor
34:39 Wheelbarrow
35:21 Conscription
35:25 Forging
35:21 Scale Barding Armor
36:47 Bracer
37:53 Chemistry
Connection lost

Rejoining the realm…

Still unreachable

The connection could not be restored.

Session expired

The server has moved on; the page needs a fresh start.